cohdb
Replays
Latest Replays
All Replays
Popular Replays
Top Player Replays
Match Explorer
How It Works
Community
CoH3 Stats
Reddit
Sign in to upload your games and track your stats! →
Sign in with Steam
Match 41266920
Unlisted
Match 41266920
Overview
Messages
Build Orders
End
Construct Infanterie Kompanie
Grenadier Squad
MG 42 Machine Gun Team
Selects Breakthrough Battlegroup
Selects Assault Grenadiers
Grenadier Squad
Construct Panzergrenadier Kompanie
Panzergrenadier Squad
Support Elements
Medical Bunker
Nebelwerfer 42 Rocket Launcher Team
Panzergrenadier Officer Quarters
Selects Rapid Production
Panzergrenadier Squad
Pak 40 Anti-tank Gun Team
Construct Panzer Kompanie
Selects Blitzkrieg
Stoßtruppen Squad
Panzer IV Medium Tank
Panzer Officer Quarters
Side Skirts
Selects Breakthrough
Selects Incendiary Bombing Run
Incendiary Bombing Run
insane
ALVARO3804
Vanguard
HiddenJoker
塔露rua
喜欢框A框T,激发队友潜力
天凉好个秋
FluffyNyan
0
0
Comments
sign in to comment!
No comments posted yet!